 Dungeon Crawl Stone Soup version 0.25-a0-571-gb5e01bddfa (webtiles) character file.

Game seed: 17173401342782418091, levelgen mode: deterministic

61 Kohma the Ruffian (level 4, -1/40 HPs)
             Began as a Ghoul Monk on Feb 29, 2020.
             Slain by Sigmund
             ... wielding a +2 vorpal scythe
              (2 damage)
             ... on level 2 of the Dungeon.
             The game lasted 00:03:26 (1471 turns).

Kohma the Ruffian (Ghoul Monk)                      Turns: 1471, Time: 00:03:27

Health: -1/40      AC:  2    Str: 15    XL:     4   Next: 7%
Magic:  3/3        EV: 12    Int:  5    God:
Gold:   121        SH:  3    Dex: 11    Spells: 3/3 levels left

rFire    . . .     SeeInvis .     - Unarmed
rCold    + . .     Gourm    .   e - +0 buckler
rNeg     + + +     Faith    .   a - +0 robe
rPois    ∞         Spirit   .   (no helmet)
rElec    .         Reflect  .   (no cloak)
rCorr    .         Harm     .   (no gloves)
MR       .....                  (no boots)
Stlth    ++........             (no amulet)
HPRegen  0.00/turn              (no ring)
MPRegen  0.08/turn              (no ring)

@: rotting
A: rotting body, claws 1, carnivore, cold resistance 1, negative energy
resistance 3, inhibited regeneration, torment resistance, unbreathing
a: no special abilities


You were on level 2 of the Dungeon.
You were not hungry.

You visited 1 branch of the dungeon, and saw 2 of its levels.

You collected 121 gold pieces.

Inventory:

Armour
 a - a +0 robe (worn)
 e - a +0 buckler (worn)
 i - a +0 kite shield
Scrolls
 c - 2 scrolls of amnesia {unknown}
 d - a scroll of identify {unknown}
 h - a scroll of teleportation {unknown}
 j - a scroll of immolation {unknown}
 k - 3 scrolls of fog {unknown}
 l - a scroll of enchant weapon {unknown}
 n - a scroll of remove curse {unknown}
Potions
 g - a potion of might {unknown}
 m - a potion of ambrosia {unknown}
 o - a potion of curing {unknown}
Comestibles
 b - 2 rations
 f - 3 chunks of flesh


   Skills:
 + Level 3.6 Fighting
 - Level 2.6 Dodging
 + Level 3.0 Stealth
 * Level 1.3 Shields
 * Level 4.1 Unarmed Combat


You had 3 spell levels left.
You didn't know any spells.
Your spell library was empty.

Dungeon Overview and Level Annotations

Branches:
Dungeon (2/15)

Altars:

Annotations:
D:2 Sigmund


Innate Abilities, Weirdness & Mutations

Your body is rotting away.
You thrive on raw meat.
You are immune to poison.
You have sharp fingernails.
You are carnivorous and can eat meat at any time.
Your flesh is cold resistant. (rC+)
You are immune to negative energy. (rN+++)
You do not regenerate when monsters are visible.
You are immune to unholy pain and torment.
You can survive without breathing.


Message History

You kill the jackal!
Sigmund gestures wildly while chanting.
Sigmund flickers and vanishes!
Deactivating autopickup; reactivate with Ctrl-A.
You closely miss the frilled lizard.
The frilled lizard bites you but does no damage.
You closely miss the frilled lizard. The frilled lizard bites you.
You scratch the frilled lizard but do no damage.
Something hits you! You block the frilled lizard's attack.
You claw the frilled lizard!
You kill the frilled lizard!
Your Stealth skill increases to level 3!
Something hits you.
You closely miss something. Something hits you!
* * * LOW HITPOINT WARNING * * *
x2 Eat one of 4 chunks of flesh? (ye/n/q)
You eat one of the 4 chunks of flesh.
This raw flesh tastes great!
Something hits you.
* * * LOW HITPOINT WARNING * * *
You die...

####### #......
#......###############
.......'{@...........#
#......############.##
#...... #.# #......
#.# #...... #.#
#...... #.# #......
#.# ####### #.# #.#


There were no monsters in sight!

Vanquished Creatures
  An adder (D:2)
  An ooze (D:2)
  A worm (D:2)
  A dart slug (D:1)
  2 leopard geckos (D:2)
  5 goblins
  3 hobgoblins (D:2)
  6 jackals
  5 kobolds
  8 bats
  5 frilled lizards
  3 rats
41 creatures vanquished.

Notes
Turn   | Place    | Note
-------+----------+-------------------------------------------
     0 | D:1      | Kohma the Ghoul Monk began the quest for the Orb.
     0 | D:1      | Reached XP level 1. HP: 19/19 MP: 0/0
   134 | D:1      | Reached XP level 2. HP: 21/26 MP: 1/1
   922 | D:2      | Reached XP level 3. HP: 17/31 MP: 2/2
  1238 | D:2      | Reached skill level 1 in Shields
  1298 | D:2      | Reached skill level 4 in Unarmed Combat
  1405 | D:2      | Reached XP level 4. HP: 34/40 MP: 3/3
  1452 | D:2      | Noticed Sigmund
  1470 | D:2      | HP: 2/40 [something (4)]
  1471 | D:2      | Slain by Sigmund

Levels and vault maps discovered:
D:1:      wander_arrival_lonely_grave, layout_loops_ring, serial_forest,
          infiniplex_forest_clump_C, infiniplex_forest_clump_diagonal,
          infiniplex_forest_end_1, infiniplex_forest_straight_3,
          infiniplex_forest_corner_1
D:2:      layout_basic, uniq_sigmund

Skill      XL: |  1  2  3  4 |
---------------+-------------+-----
Shields        | 1 |  1.3
Unarmed Combat | 4 |  4.1
Stealth        | 3 |  3.0
Fighting       | |  3.6
Dodging        | |  2.6

Action                   |  1- 3 |  4- 6 || total
-------------------------+-------+-------++-------
Melee: Unarmed           |   110 |    11 ||   121
 Stab: Sleeping          |     3 |       ||     3
  Eat: Chunk             |     6 |     1 ||     7
Armor: Robe              |    40 |     1 ||    41
Dodge: Dodged            |    75 |     2 ||    77
Block: Buckler           |    22 |     3 ||    25

Table legend:
 A = Non-vault XP
 B = Vault XP
 C = Vault XP percentage of total XP
 D = Non-vault monster count
 E = Vault monster count
 F = Vault count percentage of total count
                 A         B        C        D         E       F
            +---------+---------+-------+---------+---------+-------
      Total |      88 |       0 |   0.0 |      41 |       0 |   0.0
            +---------+---------+-------+---------+---------+-------
        D:1 |      29 |       0 |   0.0 |      18 |       0 |   0.0
        D:2 |      59 |       0 |   0.0 |      23 |       0 |   0.0
            +---------+---------+-------+---------+---------+-------
